Canucks vs Flames

Created - April 24 2012 at 18:18

Goals
1 2 3 T
Canucks 0 2 0 2
Flames 1 2 2 5
Shots
1 2 3 T
Canucks 7 16 12 35
Flames 10 7 13 30

Period #1

1. Flames , Dustin Brown 3 (Michael Grabner, Robyn Regehr) at 19:00

Penalties :
John-Michael Liles (CGY) for Hooking (Minor) at 12:15

Period #2

2. Canucks , Corey Perry 7 (Alex Pietrangelo, Mikko Koivu) at 3:15 (PP)
3. Canucks , Loui Eriksson 5 (Mikko Koivu, Corey Perry) at 9:25 (PP)
4. Flames , Brenden Morrow 4 (Ryan Kesler, Dan Boyle) at 10:23
5. Flames , Ryan Kesler 6 (Mikael Samuelsson, Brenden Morrow) at 17:40

Penalties :
Shawn Horcoff (CGY) for Hooking (Minor) at 2:01, Toni Lydman (CGY) for Hooking (Minor) at 4:29, Toni Lydman (CGY) for Charging (Minor) at 7:53, Brooks Laich (VAN) for Hooking (Minor) at 11:31

Period #3

6. Flames , Ryan Kesler 7 (Brenden Morrow) at 4:18
7. Flames , Ryan Kesler 8 (Dan Boyle, Niklas Kronwall) at 9:20

Penalties :
Andrew MacDonald (CGY) for Roughing (Minor) at 1:40, Niklas Kronwall (CGY) for Roughing (Minor) at 11:08, Fedor Tyutin (VAN) for Interference (Minor) at 13:43

Goalie Stats

Henrik Lundqvist (VAN), 25 saves from 30 shots - (0.833), L, 3-3-0, 60:00 minutes
Tim Thomas (CGY), 33 saves from 35 shots - (0.943), W, 7-1-1, 60:00 minutes

Players Stats

Canucks
Player Name              G  A  P  +/- PIM S  H  SB FO    MP 
------------------------------------------------------------
Alex Pietrangelo         0  1  1  -1  0   2  2  2  0/0   23 
Brandon Sutter           0  0  0   0  0   0  0  0  3/3   2  
Brooks Laich             0  0  0  -2  2   1  1  0  7/19  15 
Corey Perry              1  1  2  -4  0   5  3  0  4/4   25 
David Backes             0  0  0   0  0   3  1  0  1/2   20 
Dmitry Kulikov           0  0  0  -2  0   0  2  2  0/0   16 
Duncan Keith             0  0  0  -2  0   2  3  0  0/0   25 
Erik Karlsson            0  0  0  -2  0   6  1  0  0/0   18 
Fedor Tyutin             0  0  0  -2  2   0  1  3  0/0   19 
James van Riemsdyk       0  0  0  -1  0   1  1  0  0/1   16 
Kris Russell             0  0  0   0  0   0  0  0  0/0   2  
Loui Eriksson            1  0  1  -2  0   4  0  0  0/1   23 
Matthew Carle            0  0  0  -1  0   2  2  1  0/0   18 
Maxime Talbot            0  0  0  -1  0   0  1  0  0/0   13 
Mikko Koivu              0  2  2  -1  0   2  1  0  18/39 23 
Phil Kessel              0  0  0  -2  0   6  0  0  8/18  19 
Tomas Holmstrom          0  0  0   0  0   0  0  0  0/0   7  
Valtteri Filppula        0  0  0  -2  0   1  1  0  0/1   12 
Flames
Player Name              G  A  P  +/- PIM S  H  SB FO    MP 
------------------------------------------------------------
Andrew MacDonald         0  0  0   0  2   2  4  0  0/0   18 
Anze Kopitar             0  0  0   1  0   2  1  0  21/32 21 
Brenden Morrow           1  2  3   4  0   4  1  0  1/1   22 
Dan Boyle                0  2  2   4  0   2  0  0  0/0   22 
Dan Hamhuis              0  0  0   1  0   0  0  2  0/0   19 
David Jones              0  0  0   0  0   5  1  0  0/0   18 
Devin Setoguchi          0  0  0   0  0   0  0  0  1/2   1  
Dustin Brown             1  0  1   1  0   2  2  0  0/1   16 
John-Michael Liles       0  0  0   0  2   1  0  1  0/0   18 
Michael Grabner          0  1  1   1  0   2  0  0  0/1   16 
Mikael Samuelsson        0  1  1   4  0   0  1  0  0/1   15 
Niklas Kronwall          0  1  1   4  2   0  5  1  0/0   18 
Pierre-Marc Bouchard     0  0  0   0  0   0  0  0  0/0   16 
Robyn Regehr             0  1  1   1  0   1  2  3  0/0   9  
Ryan Kesler              3  1  4   4  0   7  1  0  11/30 22 
Shawn Horcoff            0  0  0   0  2   0  2  0  13/20 16 
Tomas Kopecky            0  0  0   0  0   0  0  0  0/0   6  
Toni Lydman              0  0  0   0  4   2  3  3  0/0   16 

3 Stars

1 - Ryan Kesler (CGY)
2 - Brenden Morrow (CGY)
3 - Dan Boyle (CGY)

Power Play

Canucks - 2 on 6 Attempt(s) - 33.33%
Flames - 0 on 2 Attempt(s) - 0.00%

Penalty Kill

Canucks - 2 on 2 Attempt(s) - 100.00% - Score 0 goal in Penalty Kill
Flames - 4 on 6 Attempt(s) - 66.67% - Score 0 goal in Penalty Kill

Game Notes

Ryan Kesler has scored a Hat Trick!

Finance

Level 1 -- Attendance: 6500 (100.00%) -- Ticket Income $487,500.00
Level 2 -- Attendance: 5000 (100.00%) -- Ticket Income $250,000.00
Level 3 -- Attendance: 3500 (100.00%) -- Ticket Income $105,000.00
Level 4 -- Attendance: 3289 (100.00%) -- Ticket Income $42,757.00
Luxury Box -- Attendance: 1000 (100.00%) -- Ticket Income $150,000.00
Game was played at the ScotiaBank Saddledome
Total Attendance: 19289 (100.00%)
Total Ticket Income: $1,104,350.00
Other Income: $331,305.11
Total Income: $1,435,655.00


Play by Play

Period #1

0:01 of 1st period - Corey Perry wins face-off versus Ryan Kesler in neutral zone.
0:25 of 1st period - Shot by Phil Kessel.
0:25 of 1st period - Shot Misses the Net.
0:29 of 1st period - Shot by Phil Kessel.
0:29 of 1st period - Stopped by Tim Thomas without a rebound.
0:30 of 1st period - Mikko Koivu wins face-off versus Anze Kopitar in Flames zone.
0:36 of 1st period - Icing by Anze Kopitar.
0:37 of 1st period - Mikko Koivu wins face-off versus Anze Kopitar in Flames zone.
0:40 of 1st period - Shot by David Backes.
0:40 of 1st period - Shot Blocked by Toni Lydman.
1:05 of 1st period - Shot by Alex Pietrangelo.
1:05 of 1st period - Stopped by Tim Thomas without a rebound.
1:06 of 1st period - Corey Perry wins face-off versus Shawn Horcoff in Flames zone.
1:12 of 1st period - Shawn Horcoff is hit by Valtteri Filppula and loses puck.
1:35 of 1st period - Shot by David Jones.
1:35 of 1st period - Shot Misses the Net.
1:37 of 1st period - Shot by Andrew MacDonald.
1:37 of 1st period - Deflect By David Jones.
1:37 of 1st period - Stopped by Henrik Lundqvist without a rebound.
1:38 of 1st period - Ryan Kesler wins face-off versus Brooks Laich in Canucks zone.
1:38 of 1st period - Dan Boyle is hit by Dmitry Kulikov and loses puck.
1:48 of 1st period - Dan Boyle is hit by Corey Perry and loses puck.
1:56 of 1st period - Dan Boyle is hit by Fedor Tyutin and loses puck.
2:42 of 1st period - Mikko Koivu is hit by Toni Lydman and loses puck.
3:10 of 1st period - Icing by Toni Lydman.
3:11 of 1st period - Anze Kopitar wins face-off versus Phil Kessel in Flames zone.
3:13 of 1st period - Icing by Toni Lydman.
3:14 of 1st period - Anze Kopitar wins face-off versus Phil Kessel in Flames zone.
5:59 of 1st period - Shot by Dustin Brown.
5:59 of 1st period - Shot Blocked by Fedor Tyutin.
6:01 of 1st period - Shot by Anze Kopitar.
6:01 of 1st period - Shot Misses the Net.
6:05 of 1st period - Shot by Anze Kopitar.
6:05 of 1st period - Shot Misses the Net.
6:07 of 1st period - Shot by Dan Hamhuis.
6:07 of 1st period - Shot Misses the Net.
6:09 of 1st period - Shot by Robyn Regehr.
6:09 of 1st period - Stopped by Henrik Lundqvist without a rebound.
6:10 of 1st period - Shawn Horcoff wins face-off versus Phil Kessel in Canucks zone.
6:41 of 1st period - Shot by David Jones.
6:41 of 1st period - Deflect By Pierre-Marc Bouchard.
6:41 of 1st period - Shot Misses the Net.
6:43 of 1st period - Shot by David Jones.
6:43 of 1st period - Stopped by Henrik Lundqvist without a rebound.
6:44 of 1st period - Ryan Kesler wins face-off versus Mikko Koivu in Canucks zone.
7:01 of 1st period - Shot by Brenden Morrow.
7:01 of 1st period - Stopped by Henrik Lundqvist without a rebound.
7:02 of 1st period - Anze Kopitar wins face-off versus Brooks Laich in Canucks zone.
7:03 of 1st period - Shot by Dustin Brown.
7:03 of 1st period - Shot Misses the Net.
7:27 of 1st period - Shot by Corey Perry.
7:27 of 1st period - Deflect By Loui Eriksson.
7:27 of 1st period - Stopped by Tim Thomas without a rebound.
7:28 of 1st period - Shawn Horcoff wins face-off versus Mikko Koivu in Flames zone.
7:28 of 1st period - Shawn Horcoff is hit by Maxime Talbot.
7:52 of 1st period - Andrew MacDonald is hit by Duncan Keith and loses puck.
7:55 of 1st period - Shot by David Jones.
7:55 of 1st period - Stopped by Henrik Lundqvist without a rebound.
7:56 of 1st period - Ryan Kesler wins face-off versus Phil Kessel in Canucks zone.
8:33 of 1st period - Shot by Ryan Kesler.
8:33 of 1st period - Stopped by Henrik Lundqvist without a rebound.
8:34 of 1st period - Mikko Koivu wins face-off versus Anze Kopitar in Canucks zone.
8:53 of 1st period - Shot by David Backes.
8:53 of 1st period - Shot Misses the Net.
9:01 of 1st period - Icing by Matthew Carle.
9:02 of 1st period - Shawn Horcoff wins face-off versus Mikko Koivu in Canucks zone.
9:18 of 1st period - Shawn Horcoff is hit by Alex Pietrangelo and loses puck.
10:08 of 1st period - Shot by Mikael Samuelsson.
10:08 of 1st period - Shot Misses the Net.
10:18 of 1st period - Shot by Ryan Kesler.
10:18 of 1st period - Stopped by Henrik Lundqvist without a rebound.
10:19 of 1st period - Anze Kopitar wins face-off versus Brooks Laich in Canucks zone.
10:28 of 1st period - Shot by David Backes.
10:28 of 1st period - Deflect By Tomas Holmstrom.
10:28 of 1st period - Shot Blocked by Dan Hamhuis.
12:00 of 1st period - Icing by Duncan Keith.
12:01 of 1st period - Mikko Koivu wins face-off versus Shawn Horcoff in Canucks zone.
12:15 of 1st period - Minor Penalty to John-Michael Liles for Hooking.
12:16 of 1st period - Phil Kessel wins face-off versus Anze Kopitar in Flames zone.
12:51 of 1st period - Shot by Erik Karlsson.
12:51 of 1st period - Stopped by Tim Thomas without a rebound.
12:52 of 1st period - Ryan Kesler wins face-off versus Phil Kessel in Flames zone.
13:02 of 1st period - Duncan Keith is hit by Robyn Regehr and loses puck.
13:08 of 1st period - James van Riemsdyk is hit by Robyn Regehr and loses puck.
14:26 of 1st period - Loui Eriksson is hit by Andrew MacDonald and loses puck.
14:38 of 1st period - Loui Eriksson is hit by Andrew MacDonald and loses puck.
14:42 of 1st period - Loui Eriksson is hit by Andrew MacDonald and loses puck.
14:52 of 1st period - John-Michael Liles is hit by Duncan Keith and loses puck.
15:14 of 1st period - Icing by Duncan Keith.
15:15 of 1st period - Phil Kessel wins face-off versus Anze Kopitar in Canucks zone.
15:15 of 1st period - Phil Kessel is hit by Dustin Brown.
16:04 of 1st period - David Backes is hit by Niklas Kronwall and loses puck.
16:08 of 1st period - Icing by Dan Boyle.
16:09 of 1st period - Brooks Laich wins face-off versus Ryan Kesler in Flames zone.
16:09 of 1st period - Brooks Laich is hit by Niklas Kronwall.
16:26 of 1st period - Icing by Niklas Kronwall.
16:27 of 1st period - Mikko Koivu wins face-off versus Ryan Kesler in Flames zone.
16:27 of 1st period - Mikko Koivu is hit by Niklas Kronwall.
17:15 of 1st period - Icing by Fedor Tyutin.
17:16 of 1st period - Shawn Horcoff wins face-off versus Brooks Laich in Canucks zone.
17:33 of 1st period - Shot by Loui Eriksson.
17:33 of 1st period - Stopped by Tim Thomas without a rebound.
17:34 of 1st period - Phil Kessel wins face-off versus Anze Kopitar in Flames zone.
17:41 of 1st period - Phil Kessel is hit by Anze Kopitar and loses puck.
17:46 of 1st period - Shot by Anze Kopitar.
17:46 of 1st period - Shot Misses the Net.
18:08 of 1st period - Shot by Michael Grabner.
18:08 of 1st period - Stopped by Henrik Lundqvist without a rebound.
18:09 of 1st period - Shawn Horcoff wins face-off versus Mikko Koivu in Canucks zone.
18:26 of 1st period - Shot by Matthew Carle.
18:26 of 1st period - Shot Misses the Net.
18:28 of 1st period - Shot by Alex Pietrangelo.
18:28 of 1st period - Stopped by Tim Thomas without a rebound.
18:29 of 1st period - Ryan Kesler wins face-off versus Brooks Laich in Flames zone.
18:33 of 1st period - Off-side.
18:34 of 1st period - Mikko Koivu wins face-off versus Anze Kopitar in neutral zone.
18:43 of 1st period - Shot by James van Riemsdyk.
18:43 of 1st period - Stopped by Tim Thomas with a rebound.
18:46 of 1st period - Icing by Dan Hamhuis.
18:47 of 1st period - Anze Kopitar wins face-off versus Brooks Laich in Flames zone.
18:58 of 1st period - Shot by Michael Grabner.
18:58 of 1st period - Shot Misses the Net.
19:00 of 1st period - Shot by Dustin Brown.
19:00 of 1st period - Goal by Dustin Brown - Canucks : 0 - Flames : 1.
19:01 of 1st period - Mikko Koivu wins face-off versus Ryan Kesler in neutral zone.
19:09 of 1st period - Icing by Niklas Kronwall.
19:10 of 1st period - Brooks Laich wins face-off versus Ryan Kesler in Flames zone.
19:11 of 1st period - Shot by Corey Perry.
19:11 of 1st period - Shot Misses the Net.
19:27 of 1st period - Shot by Ryan Kesler.
19:27 of 1st period - Shot Misses the Net.
19:29 of 1st period - Shot by Dan Boyle.
19:29 of 1st period - Stopped by Henrik Lundqvist without a rebound.
19:30 of 1st period - Shawn Horcoff wins face-off versus Mikko Koivu in Canucks zone.
19:55 of 1st period - Icing by Duncan Keith.
19:56 of 1st period - Anze Kopitar wins face-off versus Mikko Koivu in Canucks zone.

Period #2

0:01 of 2nd period - Corey Perry wins face-off versus Ryan Kesler in neutral zone.
0:01 of 2nd period - Corey Perry is hit by Ryan Kesler.
0:07 of 2nd period - Shot by Phil Kessel.
0:07 of 2nd period - Stopped by Tim Thomas with a rebound.
0:32 of 2nd period - Shot by Corey Perry.
0:32 of 2nd period - Shot Misses the Net.
0:34 of 2nd period - Shot by Valtteri Filppula.
0:34 of 2nd period - Shot Blocked by Niklas Kronwall.
0:38 of 2nd period - Shot by Duncan Keith.
0:38 of 2nd period - Stopped by Tim Thomas with a rebound.
0:40 of 2nd period - Shot by Valtteri Filppula.
0:40 of 2nd period - Stopped by Tim Thomas without a rebound.
0:41 of 2nd period - Anze Kopitar wins face-off versus Mikko Koivu in Flames zone.
0:47 of 2nd period - Dan Hamhuis is hit by Alex Pietrangelo and loses puck.
1:02 of 2nd period - Shot by Michael Grabner.
1:02 of 2nd period - Deflect By Anze Kopitar.
1:02 of 2nd period - Shot Blocked by Matthew Carle.
1:04 of 2nd period - Shot by Michael Grabner.
1:04 of 2nd period - Shot Blocked by Alex Pietrangelo.
1:06 of 2nd period - Shot by Toni Lydman.
1:06 of 2nd period - Stopped by Henrik Lundqvist without a rebound.
1:07 of 2nd period - Shawn Horcoff wins face-off versus Brooks Laich in Canucks zone.
2:01 of 2nd period - Minor Penalty to Shawn Horcoff for Hooking.
2:02 of 2nd period - Phil Kessel wins face-off versus Ryan Kesler in Flames zone.
3:15 of 2nd period - Shot by Corey Perry.
3:15 of 2nd period - Goal by Corey Perry - Canucks : 1 - Flames : 1.
3:16 of 2nd period - Brooks Laich wins face-off versus Ryan Kesler in neutral zone.
3:28 of 2nd period - Off-side.
3:29 of 2nd period - Shawn Horcoff wins face-off versus Mikko Koivu in neutral zone.
4:12 of 2nd period - Off-side.
4:13 of 2nd period - Corey Perry wins face-off versus Dustin Brown in neutral zone.
4:15 of 2nd period - Brooks Laich is hit by Toni Lydman and loses puck.
4:22 of 2nd period - Shot by Corey Perry.
4:22 of 2nd period - Stopped by Tim Thomas with a rebound.
4:29 of 2nd period - Minor Penalty to Toni Lydman for Hooking.
4:30 of 2nd period - Anze Kopitar wins face-off versus David Backes in Flames zone.
5:00 of 2nd period - Shot by Phil Kessel.
5:00 of 2nd period - Deflect By David Backes.
5:00 of 2nd period - Stopped by Tim Thomas without a rebound.
5:01 of 2nd period - Anze Kopitar wins face-off versus Mikko Koivu in Flames zone.
5:12 of 2nd period - Robyn Regehr is hit by Corey Perry and loses puck.
6:11 of 2nd period - Shot by Phil Kessel.
6:11 of 2nd period - Stopped by Tim Thomas without a rebound.
6:12 of 2nd period - Mikko Koivu wins face-off versus Ryan Kesler in Flames zone.
7:04 of 2nd period - Shot by Andrew MacDonald.
7:04 of 2nd period - Shot Blocked by Fedor Tyutin.
7:06 of 2nd period - Shot by Andrew MacDonald.
7:06 of 2nd period - Stopped by Henrik Lundqvist with a rebound.
7:24 of 2nd period - Shot by Mikael Samuelsson.
7:24 of 2nd period - Shot Misses the Net.
7:26 of 2nd period - Shot by Ryan Kesler.
7:26 of 2nd period - Stopped by Henrik Lundqvist without a rebound.
7:27 of 2nd period - Anze Kopitar wins face-off versus Mikko Koivu in Canucks zone.
7:27 of 2nd period - Michael Grabner is hit by Duncan Keith and loses puck.
7:53 of 2nd period - Minor Penalty to Toni Lydman for Charging.
7:54 of 2nd period - Phil Kessel wins face-off versus Anze Kopitar in Flames zone.
7:55 of 2nd period - Shot by Duncan Keith.
7:55 of 2nd period - Stopped by Tim Thomas without a rebound.
7:56 of 2nd period - Anze Kopitar wins face-off versus Phil Kessel in Flames zone.
9:07 of 2nd period - Shot by David Backes.
9:07 of 2nd period - Deflect By Loui Eriksson.
9:07 of 2nd period - Stopped by Tim Thomas without a rebound.
9:08 of 2nd period - Mikko Koivu wins face-off versus Anze Kopitar in Flames zone.
9:17 of 2nd period - Shot by Alex Pietrangelo.
9:17 of 2nd period - Shot Blocked by Robyn Regehr.
9:21 of 2nd period - Shot by Loui Eriksson.
9:21 of 2nd period - Deflect By Corey Perry.
9:21 of 2nd period - Stopped by Tim Thomas with a rebound.
9:23 of 2nd period - Shot by Mikko Koivu.
9:23 of 2nd period - Stopped by Tim Thomas with a rebound.
9:25 of 2nd period - Shot by Loui Eriksson.
9:25 of 2nd period - Goal by Loui Eriksson - Canucks : 2 - Flames : 1.
9:26 of 2nd period - Shawn Horcoff wins face-off versus Brooks Laich in neutral zone.
9:38 of 2nd period - David Jones is hit by Brooks Laich.
9:53 of 2nd period - Off-side.
9:54 of 2nd period - Ryan Kesler wins face-off versus Phil Kessel in neutral zone.
10:23 of 2nd period - Shot by Brenden Morrow.
10:23 of 2nd period - Goal by Brenden Morrow - Canucks : 2 - Flames : 2.
10:24 of 2nd period - Anze Kopitar wins face-off versus Mikko Koivu in neutral zone.
10:45 of 2nd period - Michael Grabner is hit by James van Riemsdyk and loses puck.
11:31 of 2nd period - Minor Penalty to Brooks Laich for Hooking.
11:32 of 2nd period - Brandon Sutter wins face-off versus Ryan Kesler in Canucks zone.
11:55 of 2nd period - Shot by John-Michael Liles.
11:55 of 2nd period - Stopped by Henrik Lundqvist without a rebound.
11:56 of 2nd period - Brandon Sutter wins face-off versus Ryan Kesler in Canucks zone.
14:03 of 2nd period - Shot by Corey Perry.
14:03 of 2nd period - Stopped by Tim Thomas without a rebound.
14:04 of 2nd period - Ryan Kesler wins face-off versus Mikko Koivu in Flames zone.
14:04 of 2nd period - Ryan Kesler is hit by David Backes.
15:48 of 2nd period - Shot by James van Riemsdyk.
15:48 of 2nd period - Shot Blocked by Robyn Regehr.
16:14 of 2nd period - Valtteri Filppula is hit by Dustin Brown and loses puck.
17:40 of 2nd period - Shot by Mikael Samuelsson.
17:40 of 2nd period - Deflect By Ryan Kesler.
17:40 of 2nd period - Goal by Ryan Kesler - Canucks : 2 - Flames : 3.
17:41 of 2nd period - Anze Kopitar wins face-off versus Mikko Koivu in neutral zone.
17:43 of 2nd period - Off-side.
17:44 of 2nd period - Ryan Kesler wins face-off versus Mikko Koivu in neutral zone.
17:51 of 2nd period - Alex Pietrangelo is hit by Mikael Samuelsson and loses puck.
18:02 of 2nd period - Shot by Mikko Koivu.
18:02 of 2nd period - Stopped by Tim Thomas without a rebound.
18:03 of 2nd period - Brooks Laich wins face-off versus Anze Kopitar in Flames zone.
19:01 of 2nd period - Fedor Tyutin is hit by Andrew MacDonald and loses puck.
19:11 of 2nd period - John-Michael Liles is hit by Matthew Carle and loses puck.
19:22 of 2nd period - Shot by Loui Eriksson.
19:22 of 2nd period - Shot Blocked by John-Michael Liles.
19:24 of 2nd period - Shot by David Backes.
19:24 of 2nd period - Stopped by Tim Thomas without a rebound.
19:25 of 2nd period - Ryan Kesler wins face-off versus Mikko Koivu in Flames zone.
19:32 of 2nd period - Shot by Ryan Kesler.
19:32 of 2nd period - Shot Blocked by Alex Pietrangelo.
19:34 of 2nd period - Shot by Brenden Morrow.
19:34 of 2nd period - Shot Misses the Net.
19:36 of 2nd period - Shot by Brenden Morrow.
19:36 of 2nd period - Stopped by Henrik Lundqvist without a rebound.
19:37 of 2nd period - Mikko Koivu wins face-off versus Mikael Samuelsson in Canucks zone.
19:37 of 2nd period - Mikko Koivu is hit by Brenden Morrow.
19:45 of 2nd period - Shot by Loui Eriksson.
19:45 of 2nd period - Shot Misses the Net.
19:47 of 2nd period - Shot by Matthew Carle.
19:47 of 2nd period - Stopped by Tim Thomas without a rebound.
19:48 of 2nd period - Anze Kopitar wins face-off versus Mikko Koivu in Flames zone.
19:48 of 2nd period - Anze Kopitar is hit by Mikko Koivu.

Period #3

0:01 of 3rd period - Phil Kessel wins face-off versus Ryan Kesler in neutral zone.
0:37 of 3rd period - Shot by Dan Boyle.
0:37 of 3rd period - Stopped by Henrik Lundqvist without a rebound.
0:38 of 3rd period - Anze Kopitar wins face-off versus Mikko Koivu in Canucks zone.
1:04 of 3rd period - Shot by Anze Kopitar.
1:04 of 3rd period - Stopped by Henrik Lundqvist with a rebound.
1:40 of 3rd period - Minor Penalty to Andrew MacDonald for Roughing.
1:41 of 3rd period - Devin Setoguchi wins face-off versus James van Riemsdyk in Flames zone.
2:17 of 3rd period - Shot by Phil Kessel.
2:17 of 3rd period - Stopped by Tim Thomas without a rebound.
2:18 of 3rd period - Mikko Koivu wins face-off versus Devin Setoguchi in Flames zone.
2:37 of 3rd period - Shot by Erik Karlsson.
2:37 of 3rd period - Stopped by Tim Thomas with a rebound.
2:48 of 3rd period - Off-side.
2:49 of 3rd period - Phil Kessel wins face-off versus Ryan Kesler in neutral zone.
2:54 of 3rd period - Shot by Duncan Keith.
2:54 of 3rd period - Shot Blocked by Toni Lydman.
3:38 of 3rd period - Icing by Loui Eriksson.
3:39 of 3rd period - Anze Kopitar wins face-off versus Mikko Koivu in Canucks zone.
3:43 of 3rd period - Icing by Brooks Laich.
3:44 of 3rd period - Brooks Laich wins face-off versus Shawn Horcoff in Canucks zone.
3:50 of 3rd period - Pierre-Marc Bouchard is hit by Dmitry Kulikov and loses puck.
4:14 of 3rd period - Shot by David Jones.
4:14 of 3rd period - Stopped by Henrik Lundqvist without a rebound.
4:15 of 3rd period - Ryan Kesler wins face-off versus Mikko Koivu in Canucks zone.
4:18 of 3rd period - Shot by Ryan Kesler.
4:18 of 3rd period - Goal by Ryan Kesler - Canucks : 2 - Flames : 4.
4:19 of 3rd period - David Backes wins face-off versus Ryan Kesler in neutral zone.
4:31 of 3rd period - Icing by Niklas Kronwall.
4:32 of 3rd period - Mikko Koivu wins face-off versus Ryan Kesler in Flames zone.
5:04 of 3rd period - Shot by Ryan Kesler.
5:04 of 3rd period - Stopped by Henrik Lundqvist without a rebound.
5:05 of 3rd period - Brooks Laich wins face-off versus Anze Kopitar in Canucks zone.
5:24 of 3rd period - Shot by Loui Eriksson.
5:24 of 3rd period - Deflect By Brooks Laich.
5:24 of 3rd period - Shot Misses the Net.
5:28 of 3rd period - Shot by Loui Eriksson.
5:28 of 3rd period - Shot Hit the Post.
5:30 of 3rd period - Shot by Brooks Laich.
5:30 of 3rd period - Stopped by Tim Thomas without a rebound.
5:31 of 3rd period - Mikko Koivu wins face-off versus Shawn Horcoff in Flames zone.
5:49 of 3rd period - Mikko Koivu is hit by Shawn Horcoff and loses puck.
6:46 of 3rd period - Shot by Ryan Kesler.
6:46 of 3rd period - Shot Misses the Net.
7:34 of 3rd period - Shot by Michael Grabner.
7:34 of 3rd period - Shot Blocked by Fedor Tyutin.
7:38 of 3rd period - Shot by Dustin Brown.
7:38 of 3rd period - Shot Blocked by Dmitry Kulikov.
7:40 of 3rd period - Shot by Toni Lydman.
7:40 of 3rd period - Stopped by Henrik Lundqvist without a rebound.
7:41 of 3rd period - Shawn Horcoff wins face-off versus Mikko Koivu in Canucks zone.
8:41 of 3rd period - Michael Grabner is hit by Erik Karlsson and loses puck.
8:54 of 3rd period - Shot by Michael Grabner.
8:54 of 3rd period - Stopped by Henrik Lundqvist without a rebound.
8:55 of 3rd period - Brenden Morrow wins face-off versus Brooks Laich in Canucks zone.
9:02 of 3rd period - Shot by Ryan Kesler.
9:02 of 3rd period - Deflect By Brenden Morrow.
9:02 of 3rd period - Stopped by Henrik Lundqvist without a rebound.
9:03 of 3rd period - Ryan Kesler wins face-off versus Valtteri Filppula in Canucks zone.
9:06 of 3rd period - Shot by Niklas Kronwall.
9:06 of 3rd period - Deflect By Ryan Kesler.
9:06 of 3rd period - Shot Misses the Net.
9:08 of 3rd period - Shot by Ryan Kesler.
9:08 of 3rd period - Shot Misses the Net.
9:20 of 3rd period - Shot by Ryan Kesler.
9:20 of 3rd period - Goal by Ryan Kesler - Canucks : 2 - Flames : 5.
9:21 of 3rd period - Shawn Horcoff wins face-off versus Brooks Laich in neutral zone.
9:39 of 3rd period - Icing by John-Michael Liles.
9:40 of 3rd period - Mikko Koivu wins face-off versus Shawn Horcoff in Flames zone.
10:14 of 3rd period - Duncan Keith is hit by Niklas Kronwall and loses puck.
10:31 of 3rd period - Dan Boyle is hit by Corey Perry and loses puck.
10:45 of 3rd period - Brooks Laich is hit by Niklas Kronwall and loses puck.
11:08 of 3rd period - Minor Penalty to Niklas Kronwall for Roughing.
11:09 of 3rd period - Anze Kopitar wins face-off versus Phil Kessel in Flames zone.
11:18 of 3rd period - Shot by David Backes.
11:18 of 3rd period - Shot Misses the Net.
11:20 of 3rd period - Shot by Erik Karlsson.
11:20 of 3rd period - Shot Blocked by Robyn Regehr.
11:22 of 3rd period - Shot by Matthew Carle.
11:22 of 3rd period - Stopped by Tim Thomas without a rebound.
11:23 of 3rd period - Anze Kopitar wins face-off versus Phil Kessel in Flames zone.
11:32 of 3rd period - Shot by Matthew Carle.
11:32 of 3rd period - Shot Misses the Net.
11:42 of 3rd period - Shot by Duncan Keith.
11:42 of 3rd period - Shot Misses the Net.
12:02 of 3rd period - Shot by Corey Perry.
12:02 of 3rd period - Shot Misses the Net.
12:06 of 3rd period - Shot by Corey Perry.
12:06 of 3rd period - Shot Blocked by Toni Lydman.
12:08 of 3rd period - Shot by Erik Karlsson.
12:08 of 3rd period - Stopped by Tim Thomas without a rebound.
12:09 of 3rd period - Mikko Koivu wins face-off versus Ryan Kesler in Flames zone.
12:24 of 3rd period - Shot by Corey Perry.
12:24 of 3rd period - Shot Blocked by Dan Hamhuis.
12:28 of 3rd period - Shot by Loui Eriksson.
12:28 of 3rd period - Shot Misses the Net.
12:30 of 3rd period - Shot by Erik Karlsson.
12:30 of 3rd period - Stopped by Tim Thomas with a rebound.
12:34 of 3rd period - Shot by Corey Perry.
12:34 of 3rd period - Stopped by Tim Thomas without a rebound.
12:35 of 3rd period - Anze Kopitar wins face-off versus Phil Kessel in Flames zone.
12:58 of 3rd period - Shot by David Backes.
12:58 of 3rd period - Stopped by Tim Thomas with a rebound.
13:00 of 3rd period - Shot by James van Riemsdyk.
13:00 of 3rd period - Shot Misses the Net.
13:02 of 3rd period - Shot by Phil Kessel.
13:02 of 3rd period - Stopped by Tim Thomas without a rebound.
13:03 of 3rd period - Mikko Koivu wins face-off versus Ryan Kesler in Flames zone.
13:06 of 3rd period - Shot by Erik Karlsson.
13:06 of 3rd period - Stopped by Tim Thomas with a rebound.
13:08 of 3rd period - Shot by Erik Karlsson.
13:08 of 3rd period - Stopped by Tim Thomas with a rebound.
13:26 of 3rd period - Shot by David Jones.
13:26 of 3rd period - Deflect By Pierre-Marc Bouchard.
13:26 of 3rd period - Shot Blocked by Dmitry Kulikov.
13:28 of 3rd period - Shot by John-Michael Liles.
13:28 of 3rd period - Shot Misses the Net.
13:30 of 3rd period - Shot by Andrew MacDonald.
13:30 of 3rd period - Stopped by Henrik Lundqvist without a rebound.
13:31 of 3rd period - Anze Kopitar wins face-off versus Mikko Koivu in Canucks zone.
13:34 of 3rd period - Shot by Dan Hamhuis.
13:34 of 3rd period - Shot Misses the Net.
13:36 of 3rd period - Shot by Anze Kopitar.
13:36 of 3rd period - Stopped by Henrik Lundqvist with a rebound.
13:40 of 3rd period - Shot by Michael Grabner.
13:40 of 3rd period - Deflect By Dustin Brown.
13:40 of 3rd period - Shot Misses the Net.
13:43 of 3rd period - Minor Penalty to Fedor Tyutin for Interference.
13:44 of 3rd period - Brandon Sutter wins face-off versus Ryan Kesler in Canucks zone.
14:06 of 3rd period - Ryan Kesler is hit by Matthew Carle and loses puck.
14:19 of 3rd period - Shot by David Jones.
14:19 of 3rd period - Stopped by Henrik Lundqvist without a rebound.
14:20 of 3rd period - Mikko Koivu wins face-off versus Michael Grabner in Canucks zone.
15:46 of 3rd period - Corey Perry is hit by Toni Lydman and loses puck.
16:05 of 3rd period - Shot by Phil Kessel.
16:05 of 3rd period - Stopped by Tim Thomas without a rebound.
16:06 of 3rd period - Brooks Laich wins face-off versus Shawn Horcoff in Flames zone.
16:12 of 3rd period - Icing by John-Michael Liles.
16:13 of 3rd period - Shawn Horcoff wins face-off versus Brooks Laich in Flames zone.
16:18 of 3rd period - Fedor Tyutin is hit by David Jones and loses puck.
16:55 of 3rd period - Icing by Fedor Tyutin.
16:56 of 3rd period - Anze Kopitar wins face-off versus Brooks Laich in Canucks zone.
17:12 of 3rd period - Shot by Anze Kopitar.
17:12 of 3rd period - Shot Misses the Net.
17:14 of 3rd period - Shot by Anze Kopitar.
17:14 of 3rd period - Deflect By Dustin Brown.
17:14 of 3rd period - Stopped by Henrik Lundqvist without a rebound.
17:15 of 3rd period - Mikko Koivu wins face-off versus Ryan Kesler in Canucks zone.
18:23 of 3rd period - Icing by John-Michael Liles.
18:24 of 3rd period - Phil Kessel wins face-off versus Shawn Horcoff in Flames zone.
18:41 of 3rd period - Duncan Keith is hit by Shawn Horcoff and loses puck.
19:11 of 3rd period - Icing by David Jones.
19:12 of 3rd period - Shawn Horcoff wins face-off versus Loui Eriksson in Flames zone.


Output by the SimonT Hockey Simulator (STHS) for Stephane Roy -- Original Page W3C XHTML 1.0 Valid